3AAA
NASHVILLE HOT CHICKENS @ FLORIDA MEN
08/31/2054
 
TOP OF THE 1ST
Nashville Hot Chickens batting - Pitching for Florida Men : LHP Ikaia Duncalf
Pitching: LHP Ikaia Duncalf
Batting: SHB Michael Wright 0-0: Called Strike
0-1: Swinging Strike
0-2: Strikes out looking
Batting: RHB Bernardo Arredondo 0-0: SINGLE (Line Drive, 4D, EV 99.4 MPH)
Batting: RHB Herb Thomas 0-0: Called Strike
0-1: Called Strike
0-2: Ball
1-2: Strikes out swinging
Batting: LHB Alex Hann 0-0: Ball
1-0: Ball
2-0: Ground out 4-3 (Groundball, 4, EV 100.6 MPH)
Top of the 1st over - 0 runs, 1 hit, 0 errors, 1 left on base; Nashville 0 - Florida 0
BOTTOM OF THE 1ST
Florida Men batting - Pitching for Nashville Hot Chickens : RHP Edmund Rochefort
Pitching: RHP Edmund Rochefort
Batting: LHB Andrés Muñóz 0-0: Bunt for hit to 5S - play at first, batter OUT! 5-3
Batting: LHB Felipe Madrid 0-0: Ball
1-0: Ball
2-0: Fly out, F5 (Popup, 5F, EV 73.8 MPH)
Batting: SHB Glen Ackland 0-0: Foul Ball, location: 2F
0-1: Ball
1-1: Foul Ball, location: 2F
1-2: Ball
2-2: Strikes out swinging
Bottom of the 1st over - 0 runs, 0 hits, 0 errors, 0 left on base; Nashville 0 - Florida 0
TOP OF THE 2ND
Nashville Hot Chickens batting - Pitching for Florida Men : LHP Ikaia Duncalf
Batting: RHB Dong-su Yun 0-0: Called Strike
0-1: Foul Ball, location: 2F
0-2: Ball
1-2: Ball
2-2: Ground out 5-3 (Groundball, 56S, EV 90.6 MPH)
Batting: SHB Waylon Meade 0-0: Foul Ball, location: 2F
0-1: Ball
1-1: Foul Ball, location: 2F
1-2: SOLO HOME RUN (Flyball, 78XD, EV 112.5 MPH), Distance : 432 ft
Batting: RHB Ramón Lemus 0-0: Called Strike
0-1: Swinging Strike
0-2: Ball
1-2: Strikes out swinging passed ball, reaches first!
Batting: LHB Jason Melton 0-0: Foul Ball, location: 2F
0-1: Ball
1-1: Called Strike
1-2: Strikes out swinging
Batting: RHB Stephen Clifton 0-0: Called Strike
0-1: Ball
1-1: Ball
2-1: Foul Ball, location: 2F
2-2: Strikes out swinging
Top of the 2nd over - 1 run, 1 hit, 0 errors, 1 left on base; Nashville 1 - Florida 0
BOTTOM OF THE 2ND
Florida Men batting - Pitching for Nashville Hot Chickens : RHP Edmund Rochefort
Batting: LHB Dillon Bert 0-0: Ball
1-0: Ball
2-0: Foul Ball, location: 2F
2-1: Fly out, F8 (Flyball, 8LM, EV 91.9 MPH)
Batting: LHB Jim Rogers 0-0: Ball
1-0: Ball
2-0: Ball
3-0: DOUBLE (Groundball, 3L, EV 102.5 MPH)
Batting: RHB Jorge Dorantes 0-0: Ball
1-0: Fly out, F9 (Flyball, 89S, EV 87.5 MPH)
Batting: RHB Eric Thiel 0-0: Fly out, F8 (Flyball, 8LM, EV 87.5 MPH)
Bottom of the 2nd over - 0 runs, 1 hit, 0 errors, 1 left on base; Nashville 1 - Florida 0
TOP OF THE 3RD
Nashville Hot Chickens batting - Pitching for Florida Men : LHP Ikaia Duncalf
Batting: SHB Michael Wright 0-0: Called Strike
0-1: Swinging Strike
0-2: Ball
1-2: SINGLE (Flyball, 9S, EV 88.1 MPH)
Batting: RHB Bernardo Arredondo 0-0: Ball
1-0: Foul Ball, location: 2F
1-1: Ball
2-1: Fly out, F3 (Line Drive, 3, EV 74.4 MPH)
Batting: RHB Herb Thomas 0-0: Fly out, F9 (Line Drive, 9LS, EV 99.4 MPH)
Batting: LHB Alex Hann 0-0: Called Strike
0-1: Ground out 4-3 (Groundball, 4, EV 88.1 MPH)
Top of the 3rd over - 0 runs, 1 hit, 0 errors, 1 left on base; Nashville 1 - Florida 0
BOTTOM OF THE 3RD
Florida Men batting - Pitching for Nashville Hot Chickens : RHP Edmund Rochefort
Batting: RHB Pakomio Alepeleke 0-0: Foul Ball, location: 2F
0-1: Ball
1-1: Fly out, F7 (Flyball, 7S, EV 83.1 MPH)
Batting: RHB Ramón Rodríguez 0-0: Ground out 5-3 (Groundball, 56, EV 85.0 MPH)
Batting: LHB Andrés Muñóz 0-0: Ball
1-0: Foul Ball, location: 2F
1-1: Ball
2-1: Ball
3-1: Base on Balls
Batting: LHB Felipe Madrid 0-0: Called Strike
Andrés Muñóz steals 2nd base
0-1: Foul Ball, location: 2F
0-2: Strikes out swinging
Bottom of the 3rd over - 0 runs, 0 hits, 0 errors, 1 left on base; Nashville 1 - Florida 0
TOP OF THE 4TH
Nashville Hot Chickens batting - Pitching for Florida Men : LHP Ikaia Duncalf
Batting: RHB Dong-su Yun 0-0: Called Strike
0-1: Foul Ball, location: 2F
0-2: Strikes out swinging
Batting: SHB Waylon Meade 0-0: Ball
1-0: Foul Ball, location: 2F
1-1: Foul Ball, location: 2F
1-2: Strikes out looking
Batting: RHB Ramón Lemus 0-0: Ball
1-0: Ground out U3 (Groundball, 34, EV 110.0 MPH)
Top of the 4th over - 0 runs, 0 hits, 0 errors, 0 left on base; Nashville 1 - Florida 0
BOTTOM OF THE 4TH
Florida Men batting - Pitching for Nashville Hot Chickens : RHP Edmund Rochefort
Batting: SHB Glen Ackland 0-0: Foul Ball, location: 2F
0-1: Ball
1-1: Reached on error, E4 (Groundball, 4, EV 81.9 MPH)
Batting: LHB Dillon Bert 0-0: SINGLE (Line Drive, 89M, EV 105.6 MPH)
Glen Ackland to third
Batting: LHB Jim Rogers 0-0: Ball
1-0: Ball
2-0: Ground out 6-3 (Groundball, 56, EV 103.8 MPH)
Glen Ackland scores
Dillon Bert to second
Batting: RHB Jorge Dorantes 0-0: Called Strike
0-1: Swinging Strike
0-2: Hit by Pitch
Batting: RHB Eric Thiel 0-0: Ball
1-0: Foul Ball, location: 2F
1-1: Ball
2-1: Ball
3-1: Base on Balls
Dillon Bert to third
Jorge Dorantes to second
Batting: RHB Pakomio Alepeleke 0-0: Foul Ball, location: 2F
0-1: Ball
1-1: Foul Ball, location: 2F
1-2: Ball
2-2: Ball
3-2: Base on Balls
Dillon Bert scores
Jorge Dorantes to third
Eric Thiel to second
Batting: RHB Ramón Rodríguez 0-0: Called Strike
0-1: Ball
1-1: Called Strike
1-2: Ball
2-2: Ball
3-2: Base on Balls
Jorge Dorantes scores
Eric Thiel to third
Pakomio Alepeleke to second
Batting: LHB Andrés Muñóz 0-0: Ball
1-0: Ball
2-0: Called Strike
2-1: Called Strike
2-2: Strikes out looking
Batting: LHB Felipe Madrid 0-0: Called Strike
0-1: Ball
1-1: Swinging Strike
1-2: Foul Ball, location: 2F
1-2: Ball
2-2: Foul Ball, location: 2F
2-2: Fly out, F8 (Flyball, 8LM, EV 89.4 MPH)
Bottom of the 4th over - 3 runs, 1 hit, 1 error, 3 left on base; Nashville 1 - Florida 3
TOP OF THE 5TH
Nashville Hot Chickens batting - Pitching for Florida Men : LHP Ikaia Duncalf
Batting: LHB Jason Melton 0-0: Ball
1-0: Ball
2-0: Ground out 6-3 (Groundball, 6M, EV 89.4 MPH)
Batting: RHB Stephen Clifton 0-0: Ball
1-0: Ball
2-0: Fly out, F8 (Line Drive, 8RM, EV 96.2 MPH)
Batting: SHB Michael Wright 0-0: Ground out 1-3 (Groundball, 13, EV 73.1 MPH)
Top of the 5th over - 0 runs, 0 hits, 0 errors, 0 left on base; Nashville 1 - Florida 3
BOTTOM OF THE 5TH
Florida Men batting - Pitching for Nashville Hot Chickens : RHP Edmund Rochefort
Batting: SHB Glen Ackland 0-0: Ball
1-0: Called Strike
1-1: Swinging Strike
1-2: DOUBLE (Line Drive, 89XD, EV 104.4 MPH) - OUT at third base trying to stretch hit.
Batting: LHB Dillon Bert 0-0: Ball
1-0: Called Strike
1-1: Foul Ball, location: 2F
1-2: Ball
2-2: Fly out, F7 (Flyball, 7D, EV 103.1 MPH)
Batting: LHB Jim Rogers 0-0: Fly out, F7 (Flyball, 7D, EV 94.4 MPH)
Bottom of the 5th over - 0 runs, 1 hit, 0 errors, 0 left on base; Nashville 1 - Florida 3
TOP OF THE 6TH
Nashville Hot Chickens batting - Pitching for Florida Men : LHP Ikaia Duncalf
Batting: RHB Bernardo Arredondo 0-0: Ground out 6-3 (Groundball, 6, EV 107.5 MPH)
Batting: RHB Herb Thomas 0-0: Ball
1-0: Foul Ball, location: 2F
1-1: Swinging Strike
1-2: Ball
2-2: Fly out, F8 (Flyball, 8RXD, EV 94.4 MPH)
Batting: LHB Alex Hann 0-0: Fly out, F5 (Popup, 15, EV 88.8 MPH)
Top of the 6th over - 0 runs, 0 hits, 0 errors, 0 left on base; Nashville 1 - Florida 3
BOTTOM OF THE 6TH
Florida Men batting - Pitching for Nashville Hot Chickens : RHP Edmund Rochefort
Batting: RHB Jorge Dorantes 0-0: Fly out, F9 (Flyball, 9LM, EV 106.9 MPH)
Batting: RHB Eric Thiel 0-0: Called Strike
0-1: Swinging Strike
0-2: SINGLE (Groundball, 6MD, EV 101.9 MPH)
Batting: RHB Pakomio Alepeleke 0-0: Ball
1-0: Called Strike
1-1: Foul Ball, location: 2F
1-2: Ball
2-2: Foul Ball, location: 2F
2-2: Ball
3-2: DOUBLE (Flyball, 89D, EV 102.5 MPH)
Eric Thiel to third
Batting: RHB Ramón Rodríguez 0-0: Ball
1-0: Called Strike
1-1: Ball
2-1: Ball
3-1: Base on Balls
Batting: LHB Andrés Muñóz 0-0: Ball
1-0: Ball
2-0: Swinging Strike
2-1: Ball
3-1: Base on Balls
Eric Thiel scores
Pakomio Alepeleke to third
Ramón Rodríguez to second
Batting: LHB Felipe Madrid 0-0: Ball
1-0: Ball
2-0: Called Strike
2-1: Ball
3-1: Base on Balls
Pakomio Alepeleke scores
Ramón Rodríguez to third
Andrés Muñóz to second
Pitching: RHP Grant Gremel
Batting: SHB Glen Ackland 0-0: Ball
1-0: Ball
2-0: Fly out, F8 (Flyball, 8LS, EV 86.2 MPH)
Batting: LHB Dillon Bert 0-0: Called Strike
0-1: Foul Ball, location: 2F
0-2: Foul Ball, location: 2F
0-2: Ground out 1-3 (Groundball, 25, EV 69.4 MPH)
Bottom of the 6th over - 2 runs, 2 hits, 0 errors, 3 left on base; Nashville 1 - Florida 5
TOP OF THE 7TH
Nashville Hot Chickens batting - Pitching for Florida Men : LHP Ikaia Duncalf
Batting: RHB Dong-su Yun 0-0: Ball
1-0: SINGLE (Line Drive, 7S, EV 109.4 MPH)
Batting: SHB Waylon Meade 0-0: Ball
1-0: Ball
2-0: Called Strike
2-1: Called Strike
2-2: Strikes out looking
Batting: RHB Ramón Lemus 0-0: Called Strike
0-1: Foul Ball, location: 2F
0-2: Ball
1-2: Ball
2-2: Grounds into double play, 6-4-3 (Groundball, 6, EV 107.5 MPH)
Top of the 7th over - 0 runs, 1 hit, 0 errors, 0 left on base; Nashville 1 - Florida 5
BOTTOM OF THE 7TH
Florida Men batting - Pitching for Nashville Hot Chickens : RHP Grant Gremel
Batting: LHB Jim Rogers 0-0: Foul Ball, location: 2F
0-1: Fly out, F7 (Flyball, 7LD, EV 93.1 MPH)
Batting: RHB Jorge Dorantes 0-0: Ground out 5-3 (Groundball, 56S, EV 85.6 MPH)
Batting: RHB Eric Thiel 0-0: Ball
1-0: Ball
2-0: Called Strike
2-1: SOLO HOME RUN (Flyball, 7D, EV 100.6 MPH), Distance : 373 ft
Batting: RHB Pakomio Alepeleke 0-0: Called Strike
0-1: Foul Ball, location: 2F
0-2: Foul Ball, location: 2F
0-2: Strikes out swinging
Bottom of the 7th over - 1 run, 1 hit, 0 errors, 0 left on base; Nashville 1 - Florida 6
TOP OF THE 8TH
Nashville Hot Chickens batting - Pitching for Florida Men : LHP Ikaia Duncalf
Batting: LHB Jason Melton 0-0: Ground out 3-1 (Groundball, 34, EV 88.1 MPH)
Batting: RHB Stephen Clifton 0-0: Ball
1-0: Fly out, F7 (Flyball, 7D, EV 91.9 MPH)
Batting: SHB Michael Wright 0-0: SOLO HOME RUN (Flyball, 7LD, EV 95.6 MPH), Distance : 353 ft
Batting: RHB Bernardo Arredondo 0-0: Called Strike
0-1: Foul Ball, location: 2F
0-2: Strikes out swinging
Top of the 8th over - 1 run, 1 hit, 0 errors, 0 left on base; Nashville 2 - Florida 6
BOTTOM OF THE 8TH
Florida Men batting - Pitching for Nashville Hot Chickens : RHP Grant Gremel
Batting: RHB Ramón Rodríguez 0-0: Ball
1-0: Ball
2-0: Ball
3-0: Base on Balls
Batting: LHB Andrés Muñóz 0-0: Ball
1-0: Bunted foul
1-1: Sac Bunt to 23 - play at first, batter OUT! 3-4
Ramón Rodríguez to second
Batting: LHB Felipe Madrid 0-0: Swinging Strike
0-1: Foul Ball, location: 2F
0-2: Foul Ball, location: 2F
0-2: Ball
1-2: SINGLE (Groundball, 6MS, EV 76.2 MPH) (infield hit)
Ramón Rodríguez to third
Batting: SHB Glen Ackland 0-0: Called Strike
0-1: Grounds into double play, 4-6-3 (Groundball, 4D, EV 104.4 MPH)
Bottom of the 8th over - 0 runs, 1 hit, 0 errors, 1 left on base; Nashville 2 - Florida 6
TOP OF THE 9TH
Nashville Hot Chickens batting - Pitching for Florida Men : LHP Ikaia Duncalf
Batting: RHB Herb Thomas 0-0: Called Strike
0-1: Fly out, F9 (Flyball, 89S, EV 75.0 MPH)
Batting: LHB Alex Hann 0-0: Ball
1-0: Foul Ball, location: 2F
1-1: Swinging Strike
1-2: Ground out 5-3 (Groundball, 5, EV 85.0 MPH)
Batting: RHB Dong-su Yun 0-0: Called Strike
0-1: Swinging Strike
0-2: Strikes out swinging
Top of the 9th over - 0 runs, 0 hits, 0 errors, 0 left on base; Nashville 2 - Florida 6
Monday, April 1st , 2024 - OOTP Baseball 23.10 Build 110